 Dungeon Crawl Stone Soup version 0.21.1-1-g345015f (webtiles) character file.

616 Melicamp the Fighter (level 7, -6/93 HPs)
             Began as a Barachi Warper on Apr 14, 2018.
             Killed from afar by Supreme's ghost (19 damage)
             ... with a stone arrow
             ... on level 5 of the Dungeon.
             The game lasted 00:16:07 (4872 turns).

Melicamp the Fighter (Barachi Warper)               Turns: 4872, Time: 00:16:08

Health: -6/93      AC: 23    Str: 15    XL:     7   Next: 45%
Magic:  10/10      EV:  2    Int: 13    God:
Gold:   308        SH:  0    Dex: 11    Spells: 6/10 levels left

rFire    . . .     SeeInvis .   y - +1 whip (venom)
rCold    . . .     Gourm    .   (no shield)
rNeg     + + +     Faith    .   (armour currently unavailable)
rPois    +         Spirit   .   (helmet currently unavailable)
rElec    .         Reflect  .   (cloak currently unavailable)
rCorr    .         Harm     .   (gloves currently unavailable)
MR       .....     NoTele   +   (boots currently unavailable)
Stlth    ..........             (no amulet)
HPRegen  0.25/turn              r - +2 ring of evasion
MPRegen  0.12/turn              p - ring of loudness (curse)

@: tree-form (expiring)
A: +LOS, swims
a: no special abilities


You were on level 5 of the Dungeon.
You were very hungry.
You were a tree.
You visited 1 branch of the dungeon, and saw 5 of its levels.

You collected 308 gold pieces.

Inventory:

Hand Weapons
 l - a +0 hand crossbow
   (You found it on level 2 of the Dungeon)
 y - a +1 whip of venom (weapon)
   (You found it on level 4 of the Dungeon)
Missiles
 e - 5 tomahawks of dispersal
 h - 134 stones (quivered)
 m - 45 bolts
 u - 4 tomahawks
Armour
 j - a +1 plate armour (melded)
   (You found it on level 1 of the Dungeon)
 w - a scarf of repulsion (melded)
   (You found it on level 3 of the Dungeon)
 E - a +0 helmet (melded)
   (You found it on level 4 of the Dungeon)
Jewellery
 g - an uncursed ring of protection from cold
   (You found it on level 1 of the Dungeon)
 o - an uncursed ring of flight
   (You found it on level 2 of the Dungeon)
 p - a cursed ring of loudness (right branch)
   (You found it on level 2 of the Dungeon)
 r - a +2 ring of evasion (left branch)
   (You found it on level 2 of the Dungeon)
Wands
 x - a wand of flame (20)
   (You found it on level 4 of the Dungeon)
Scrolls
 a - a scroll of enchant weapon
 b - 2 scrolls of remove curse
 d - 2 scrolls of blinking
 k - 4 scrolls of immolation
 t - a scroll of amnesia
 C - a scroll of identify
 D - a scroll of fear
Potions
 q - 2 potions of haste
 s - a potion of might
 v - a potion of ambrosia
 z - a potion of berserk rage {unknown}
 A - a potion of brilliance
 B - a potion of agility
Books
 c - a book of Spatial Translocations
Comestibles
 f - 7 rations


   Skills:
 * Level 8.0 Fighting
   Level 2.3 Polearms
 - Level 1.0 Throwing
 + Level 5.1 Armour
 - Level 2.1 Dodging
 - Level 2.1 Spellcasting
 - Level 3.2 Translocations


You had 6 spell levels left.
You knew the following spells:

 Your Spells              Type           Power        Failure   Level  Hunger
a - Blink                 Tloc           N/A          10%         2    ###....
b - Shroud of Golubria    Chrm/Tloc      #.........   19%         2    ###....


Dungeon Overview and Level Annotations

Branches:
Dungeon (5/15)
 Temple: D:4-7

Altars:
Ashenzari
Gozag
Wu Jian

Shops:
D:4 :

Annotations:
D:5 Supreme's ghost, novice GrEE


Innate Abilities, Weirdness & Mutations

Shadows flee at your approach. (+LOS)
You can swim through water.
((You cover ground slowly.))
((You can hop short distances.))


Message History

The stone arrow misses you.
You barely miss Supreme's ghost.
Supreme's ghost hits you but does no damage.
Your plate armour prevents you from hitting Supreme's ghost.
Supreme's ghost hits you but does no damage.
You closely miss Supreme's ghost.
Supreme's ghost gestures at you while chanting.
The wall shatters!
The blast of rock fragments hits you!
Supreme's ghost gestures at you while chanting.
The wall shatters!
The blast of rock fragments hits you!
You turn into a tree.
Your scarf of repulsion melds into your body.
Your +0 helmet melds into your body.
Your +1 plate armour melds into your body.
The haze of the repulsion field disappears.
Your roots penetrate the ground.
Supreme's ghost hits you.
You hit Supreme's ghost but do no damage.
Supreme's ghost hits you.
You hit Supreme's ghost.
Supreme's ghost is lightly damaged.
Supreme's ghost casts a spell at you.
Helpless, you fail to dodge the stone arrow.
You hit Supreme's ghost.
Supreme's ghost is lightly damaged.
Supreme's ghost hits you but does no damage.
You hit Supreme's ghost but do no damage.
Supreme's ghost is lightly damaged.
Supreme's ghost hits you but does no damage.
You barely miss Supreme's ghost.
Supreme's ghost is lightly damaged.
Supreme's ghost hits you but does no damage.
You barely miss Supreme's ghost.
Supreme's ghost is lightly damaged.
You are ready to hop once more.
Supreme's ghost says, "The agents of utter destruction are not stopped by death."
Supreme's ghost casts a spell at you. The stone arrow hits you!
You barely miss Supreme's ghost.
Supreme's ghost is lightly damaged.
Supreme's ghost points at you and mumbles some strange words.
The wall shatters!
The blast of rock fragments hits you!
You hit Supreme's ghost.
Supreme's ghost is moderately damaged.
Supreme's ghost hits you but does no damage.
You closely miss Supreme's ghost.
Supreme's ghost is moderately damaged.
Supreme's ghost hits you but does no damage.
You are feeling very hungry.
You hit Supreme's ghost but do no damage.
Supreme's ghost is moderately damaged.
Supreme's ghost gestures at you while chanting.
Helpless, you fail to dodge the blast of sand.
Supreme's ghost completely misses you.
You hit Supreme's ghost.
Supreme's ghost is moderately damaged.
Supreme's ghost gestures at you while chanting.
The wall shatters!
The blast of rock fragments hits you!
You miss Supreme's ghost.
Supreme's ghost is moderately damaged.
Supreme's ghost casts a spell at you. The blast of sand hits you!
You hit Supreme's ghost but do no damage.
Supreme's ghost is moderately damaged.
Supreme's ghost hits you but does no damage.
A howler monkey skeleton comes into view.
You hit Supreme's ghost but do no damage.
Supreme's ghost is moderately damaged.
Supreme's ghost hits you but does no damage.
You closely miss Supreme's ghost.
Supreme's ghost is moderately damaged.
Supreme's ghost hits you but does no damage.
You hit Supreme's ghost but do no damage.
Supreme's ghost is moderately damaged.
Supreme's ghost hits you but does no damage.
You hit Supreme's ghost but do no damage.
Supreme's ghost is moderately damaged.
Your transformation is almost over.
Supreme's ghost casts a spell at you.
Helpless, you fail to dodge the stone arrow.
* * * LOW HITPOINT WARNING * * *
You completely miss Supreme's ghost.
Supreme's ghost is moderately damaged.
Supreme's ghost shouts, "I have seen your future, and it is all used up."
Supreme's ghost hits you but does no damage.
Okay, then.
You hit Supreme's ghost.
Supreme's ghost is heavily damaged.
Supreme's ghost casts a spell at you. The stone arrow hits you!
* * * LOW HITPOINT WARNING * * *
You barely miss Supreme's ghost.
Supreme's ghost is heavily damaged.
Supreme's ghost hits you but does no damage.
Supreme's ghost casts a spell at you. The blast of sand hits you!
You hit Supreme's ghost.
Supreme's ghost is heavily damaged.
Supreme's ghost points at you and mumbles some strange words.
The stone arrow hits you!
You die...

......####.##.#
####..##......#
#.......#
....###..## ##..
##.#### #...
#....# # ...#
#....# ## ..# ..#
#....#####.##..?>#
..
##.....ZW♣.......#
..
#...#####.#(....#
#...# .......#
.....# .##....#
##.#### .# ...# #.
.. #.# #. .. # #
.. ...


You could see Supreme's ghost and a howler monkey skeleton.

Vanquished Creatures
  An ogre (D:4)
  A scorpion (D:4)
  A crimson imp (D:5)
  A bullfrog zombie (D:5)
  2 hounds (D:4)
  An orc priest (D:4)
  A bullfrog skeleton (D:4)
  2 orc wizards (D:4)
  Jessica (D:3)
  A hound skeleton (D:5)
  4 gnolls
  7 adders
  An ooze (D:1)
  3 worms
  2 dart slugs
  3 leopard geckos
  7 orcs
  8 bats
  A giant cockroach (D:3)
  6 goblins
  8 hobgoblins
  10 jackals
  5 kobolds
  A quokka (D:2)
  3 frilled lizards
  8 rats
  A fungus (D:1)
90 creatures vanquished.

Notes
Turn   | Place    | Note
-------+----------+-------------------------------------------
     0 | D:1      | Melicamp the Barachi Warper began the quest for the Orb.
     0 | D:1      | Reached XP level 1. HP: 17/17 MP: 3/3
   125 | D:1      | Reached skill level 3 in Fighting
   127 | D:1      | Reached XP level 2. HP: 21/24 MP: 5/5
   133 | D:1      | Learned a level 2 spell: Blink
   170 | D:1      | Learned a level 2 spell: Shroud of Golubria
  1042 | D:2      | Reached XP level 3. HP: 29/30 MP: 6/6
  1105 | D:2      | Reached skill level 4 in Fighting
  1528 | D:2      | Reached skill level 2 in Armour
  1767 | D:2      | Reached XP level 4. HP: 35/38 MP: 7/7
  1986 | D:2      | Found an ornate altar of the Wu Jian Council.
  2076 | D:2      | Found a shattered altar of Ashenzari.
  2456 | D:2      | Reached skill level 5 in Fighting
  2518 | D:3      | Reached XP level 5. HP: 39/44 MP: 8/8
  2563 | D:3      | Noticed Jessica
  2567 | D:3      | Killed Jessica
  2567 | D:3      | Reached skill level 3 in Armour
  3384 | D:4      | Reached skill level 6 in Fighting
  3384 | D:4      | Reached XP level 6. HP: 35/52 MP: 9/9
  3649 | D:4      | Reached skill level 4 in Armour
  3867 | D:4      | Found Cigod's Book Shoppe.
  3943 | D:4      | Reached skill level 7 in Fighting
  4253 | D:4      | Reached XP level 7. HP: 42/60 MP: 10/10
  4773 | D:5      | Entered Level 5 of the Dungeon
  4773 | D:5      | Found an opulent altar of Gozag.
  4796 | D:5      | Reached skill level 5 in Armour
  4829 | D:5      | Reached skill level 8 in Fighting
  4839 | D:5      | Noticed Supreme's ghost (novice GrEE)
  4870 | D:5      | HP: 13/93 [Supreme's ghost/stone arrow (14)]
  4872 | D:5      | Killed from afar by Supreme's ghost

Skill      XL: |  1  2  3  4  5  6  7 |
---------------+----------------------+-----
Fighting       | 3 4 5 6 7 8 |  8.0
Armour         | 2 3 4 5 |  5.1
Polearms       | |  2.3
Throwing       | |  1.0
Dodging        | |  2.1
Spellcasting   | |  2.1
Translocations | |  3.2

Action                   |  1- 3 |  4- 6 |  7- 9 || total
-------------------------+-------+-------+-------++-------
Melee: Spear             |   187 |   184 |       ||   371
       Whip              |       |    47 |    64 ||   111
 Fire: Hand crossbow     |     6 |    17 |    11 ||    34
Throw: Stone             |     4 |     2 |       ||     6
 Abil: Hop               |       |       |     1 ||     1
  Use: Scroll            |     5 |     8 |       ||    13
       Potion            |       |       |     2 ||     2
  Eat: Chunk             |     4 |     9 |     1 ||    14
Armor: Leather armour    |     4 |       |       ||     4
       Plate armour      |    96 |   145 |    43 ||   284
       Skin              |       |       |    16 ||    16
Dodge: Dodged            |    32 |    63 |    19 ||   114
       Deflected         |       |     1 |     1 ||     2

Vault maps used:
D:1:      lightli_arrival_windingriver, minmay_gold_behind_fungi,
          minmay_distorted
D:2:      marbit_many_paths, overflow_temple_1_default
D:3:      uniq_jessica
D:4:      first_ration, serial_shops, shop, corexii_item_surrounded_by_moat,
          kennysheep_small_spiral
D:5:      tso_metal_star, nicolae_gozag_seed_capital,
          chequers_temple_overflow_minitemple, hangedman_abyss_or_decor_stabs

Table legend:
 A = Turns spent in this place as a percentage of turns spent in the entire game.
 B = Non-inter-level travel turns spent in this place as a percentage of non-inter-level travel turns spent in the entire game.
 C = Inter-level travel turns spent in this place as a percentage of turns spent in this place.
 D = Turns resting spent in this place as a percentage of non-inter-level travel turns spent in this place.
 E = Turns spent auto-exploring this place as a percentage of non-inter-level travel turns spent in this place.
 F = Non-inter-level travel turns spent in this place divided by the number of levels of this place that you've seen.
                   A       B       C       D       E      F
               +-------+-------+-------+-------+-------+----------------------
         Total | 100.0 | 100.0 |   6.2 |  19.4 |  58.7 | 914.4
       Dungeon | 100.0 | 100.0 |   6.2 |  19.4 |  58.7 | 914.4
               +-------+-------+-------+-------+-------+----------------------

Table legend:
 A = Kills in this place as a percentage of kills in entire the game.
 B = Kills by you in this place as a percentage of kills by you in the entire game.
 C = Kills by friends in this place as a percentage of kills by friends in the entire game.
 D = Other kills in this place as a percentage of other kills in the entire game.
 E = Experience gained in this place as a percentage of experience gained in the entire game.
 F = Experience gained in this place divided by the number of levels of this place that you have seen.
                   A       B       C       D       E      F
               +-------+-------+-------+-------+-------+----------------------
         Total | 100.0 | 100.0 |   N/A |   N/A | 100.0 | 176.2
       Dungeon | 100.0 | 100.0 |   N/A |   N/A | 100.0 | 176.2
               +-------+-------+-------+-------+-------+----------------------
